Map: Ley Lines

Players

FoxerSlayer - Winner!

  • Race: Protoss Protoss
  • League: Grandmaster
  • Spawn Location: 7:00

llllllllllll

  • Race: Terran Terran
  • League: Master
  • Spawn Location: 1:00

VOD

Have the link to the VOD?

Description

Time

  • Played on: Feb. 12, 2025, 11:05 p.m.
  • Length: 7:15
Show
View Real Time Build Order
Export as new Build Order

FoxerSlayer Protoss - Winner!

Build Orders: Blink Stalkers 

Get SALT Encoding   

  12  0:00  Probe  
  13  0:13  Probe  
  14  0:21  Pylon  
  14  0:34  Probe  
  14  0:35  Pylon  
  15  0:43  Probe  
  15  0:48  Gateway  
  16  0:53  Probe  
  17  1:02  Gateway  
  17  1:07  Assimilator  
  18  1:11  Probe  
  18  1:23  Probe  
  19  1:35  Probe  
  19  1:39  Cybernetics Core  
  20  1:44  Zealot  
  20  1:47  Probe  
  23  2:04  Probe  
  23  2:08  Stalker  
  24  2:10  Nexus  
  24  2:16  Probe  
  27  2:29  Probe  
  28  2:30  Assimilator  
  28  2:34  Stalker  
  28  2:41  Probe  
  31  3:09  Warp Gate  
  31  3:12  Pylon  
  31  3:18  Probe, Stalker  
  30  3:21  Twilight Council  
  30  3:23  Probe  
  30  3:26  Pylon  
  33  3:30  Probe  
  34  3:38  Probe  
  35  3:46  Blink  
  33  3:51  Stalker  
  33  3:52  Stalker  
  33  3:54  Probe x2  
  37  4:06  Probe x2  
  39  4:16  Gateway  
  39  4:17  Gateway  
  39  4:18  Probe x2  
  41  4:30  Probe  
  40  4:44  Probe  
  41  4:46  Probe  
  41  4:50  Shield Battery  
  41  4:52  Gateway  
  42  4:55  Robotics Facility  
  42  4:56  Probe  
  42  4:58  Probe, Stalker  
  46  5:00  Assimilator  
  46  5:08  Probe  
  46  5:10  Stalker  
  46  5:11  Probe  
  46  5:14  Pylon  
  50  5:17  Stalker  
  50  5:20  Probe  
  50  5:21  Pylon  
  53  5:34  Stalker x2  
  57  5:36  Probe  
  57  5:37  Shield Battery  
  57  5:39  Pylon  
  57  5:42  Probe  
  59  5:43  Warp Prism  
  59  5:54  Stalker x2  
  59  5:56  Pylon  
  63  5:57  Pylon  
  63  6:00  Probe  
  64  6:06  Probe  
  64  6:08  Stalker x2  
  69  6:13  Probe  
  68  6:18  Probe  
  67  6:27  Stalker x2  
  67  6:30  Nexus  
  67  6:32  Probe, Pylon  
  72  6:39  Observer  
  73  7:00  Stalker x5  
Show
View Real Time Build Order
Export as new Build Order

llllllllllll Terran 

Build Orders:  

Get SALT Encoding   

  12  0:00  SCV  
  13  0:13  SCV  
  14  0:18  Supply Depot  
  14  0:25  SCV  
  15  0:40  Barracks, SCV  
  16  0:43  Refinery  
  16  0:52  SCV  
  18  1:04  SCV  
  18  1:28  Marine  
  18  1:29  Orbital Command  
  19  1:39  Command Center  
  19  1:52  Factory  
  19  1:56  Marine  
  20  2:07  Bunker  
  20  2:18  Marine  
  20  2:20  SCV  
  22  2:33  Refinery  
  22  2:38  Barracks Reactor  
  22  2:39  Factory Tech Lab  
  20  3:09  Cyclone  
  22  3:14  Marine x2  
  22  3:15  Barracks  
  24  3:22  Supply Depot  
  24  3:26  SCV  
  25  3:29  Orbital Command  
  25  3:30  Starport  
  24  3:34  Marine  
  24  3:38  SCV  
  26  3:50  SCV  
  26  3:53  Marine x2  
  28  4:00  Cyclone, SCV  
  32  4:08  Marine  
  33  4:11  Marine x2  
  33  4:12  SCV  
  36  4:18  Medivac  
  36  4:23  SCV  
  39  4:24  SCV  
  39  4:38  Marine x2  
  39  4:39  Marine  
  39  4:40  Cyclone  
  45  4:48  SCV, Orbital Command  
  46  4:55  Supply Depot  
  46  5:02  Barracks Tech Lab  
  46  5:16  Liberator, Marine x2, SCV x2  
  46  5:17  Supply Depot  
  46  5:20  Marine  
  54  5:22  Stimpack  
  54  5:39  SCV x2  
  53  5:53  Marine x2  
  53  5:54  SCV  
  55  5:58  Command Center  
  49  6:19  Siege Tank  
  49  6:23  Marine  
  49  6:24  Marine  
  44  6:25  Marine  
  44  6:26  Bunker  
  44  6:32  SCV x2  
  45  6:33  Barracks  
  45  6:41  Marine  
  45  6:44  SCV  
  45  6:45  SCV  
  48  6:48  Marine, Marauder  
  54  6:56  SCV  
  53  7:03  Bunker  
  53  7:09  Bunker  
Tags
 
Add a new tag
Caveats
  • Supply blocks, unpowered buildings, or Contaminate may cause inaccurate times.
  • Supply counts are checked every 10 seconds.